 Dungeon Crawl Stone Soup version 0.22-a0-833-g8522bf8 (webtiles) character file.

79 theanonym the Chopper (level 4, -6/35 HPs)
             Began as a Mummy Warper on July 25, 2018.
             Was an Initiate of Ru.
             Mangled by an ogre
             ... wielding a +0 giant club
              (23 damage)
             ... on level 2 of the Dungeon.
             The game lasted 00:01:23 (1786 turns).

theanonym the Chopper (Mummy Warper)                Turns: 1786, Time: 00:01:23

Health: -6/35      AC:  3    Str: 15    XL:     4   Next: 17%
Magic:  8/8        EV: 11    Int: 12    God:    Ru [......]
Gold:   108        SH:  0    Dex: 11    Spells: 8/8 levels left

rFire    x . .     SeeInvis .   a - +0 hand axe
rCold    + . .     Gourm    .   (no shield)
rNeg     + + +     Faith    .   b - +0 leather armour
rPois    ∞         Spirit   .   (no helmet)
rElec    .         Reflect  .   (no cloak)
rCorr    .         Harm     .   (no gloves)
MR       .....                  (no boots)
Stlth    ..........             (no amulet)
HPRegen  0.11/turn              h - ring of attention (curse)
MPRegen  0.11/turn              (no ring)

@: no status effects
A: no food or potions, fire vulnerability, cold resistance 1, negative energy
resistance 3, torment resistance, unbreathing
a: Renounce Religion


Innate Abilities, Weirdness & Mutations

You do not eat or drink.
Your flesh is vulnerable to fire.
You are immune to poison.
Your flesh is cold resistant. (rC+)
You are immune to negative energy. (rN+++)
You are immune to unholy pain and torment.
You can survive without breathing.


   Skills:
 + Level 3.0 Fighting
 * Level 3.1 Axes
 - Level 0.7 Throwing
 - Level 0.7 Armour
 - Level 1.5 Dodging
 - Level 2.6 Spellcasting
   Level 2.4 Translocations


You had 8 spell levels left.
You didn't know any spells.
Your spell library contained the following spells:

 Spells                   Type           Power        Failure   Level  Hunger
 Teleport Other           Tloc           #.......     34%         3    N/A
 Blink                    Tloc           N/A          17%         2    N/A
 Passage of Golubria      Tloc           N/A          75%         4    N/A
 Shroud of Golubria       Chrm/Tloc      #.........   28%         2    N/A
 Gell's Gravitas          Tloc           #.........   34%         3    N/A
 Lesser Beckoning         Tloc           #.........   34%         3    N/A

Skill      XL: |  1  2  3  4 |
---------------+-------------+-----
Axes           | 2 3 |  3.1
Fighting       | 3 |  3.0
Throwing       | |  0.7
Armour         | |  0.7
Dodging        | |  1.5
Spellcasting   | |  2.6
Translocations | |  2.4

Action                   |  1- 3 |  4- 6 || total
-------------------------+-------+-------++-------
Melee: Hand axe          |   146 |    21 ||   167
 Stab: Paralysed         |       |     2 ||     2
       Invisible         |       |     1 ||     1
Armor: Leather armour    |    85 |     9 ||    94
Dodge: Dodged            |   137 |    21 ||   158

Inventory:

Hand Weapons
 a - a +0 hand axe (weapon)
Missiles
 e - 5 tomahawks of dispersal (quivered)
Armour
 b - a +0 leather armour (worn)
 d - a +1 pair of boots
   (You found it on level 1 of the Dungeon)
Jewellery
 h - a cursed ring of attention (left hand)
   (You found it on level 1 of the Dungeon)
Scrolls
 c - 2 scrolls of remove curse {unknown}
 f - 2 scrolls of teleportation {unknown}
 g - a scroll of enchant weapon {unknown}
 i - a scroll of fear {unknown}
 j - a scroll of amnesia {unknown}
 k - a scroll of magic mapping {unknown}
 B - 3 scrolls of blinking


You were on level 2 of the Dungeon.
You worshipped Ru.
Ru was noncommittal.
You were not hungry.

You visited 1 branch of the dungeon, and saw 2 of its levels.

You collected 108 gold pieces.

Dungeon Overview and Level Annotations

Branches:
Dungeon (2/15)

Altars:
Ru

........##
....................
#........ ........##
#....... ........##
#...... ###.......
####..... #.......
....... +.......
#.Os# #....... #@###
#....... #...#
####.......
#..^####...#...###
#...##...#...###
#......#######
#!.....# ###
#......# #...
#......# #...
#.....(# #...


You could see an ogre and a giant cockroach.

Notes
Turn   | Place    | Note
-------+----------+-------------------------------------------
     0 | D:1      | theanonym the Mummy Warper began the quest for the Orb.
     0 | D:1      | Reached XP level 1. HP: 16/16 MP: 4/4
   173 | D:1      | Reached skill level 2 in Axes
   183 | D:1      | Reached XP level 2. HP: 19/22 MP: 5/5
   965 | D:1      | Reached XP level 3. HP: 28/28 MP: 7/7
  1124 | D:2      | HP: 14/28 [adder (1)]
  1130 | D:2      | HP: 12/28 [adder (2)]
  1135 | D:2      | HP: 9/28 [adder (1)]
  1137 | D:2      | HP: 4/28 [goblin/club (3)]
  1449 | D:2      | Found a sacrificial altar of Ru.
  1467 | D:2      | Reached skill level 3 in Axes
  1467 | D:2      | Reached XP level 4. HP: 20/34 MP: 8/8
  1473 | D:2      | Became a worshipper of Ru the Awakened
  1692 | D:2      | Reached skill level 3 in Fighting
  1778 | D:2      | Noticed an ogre
  1785 | D:2      | HP: 17/35 [ogre/giant club (3)]
  1786 | D:2      | Mangled by an ogre

Vanquished Creatures
  An orc wizard (D:2)
  An adder (D:2)
  A dart slug (D:1)
  6 giant cockroaches
  8 goblins
  A hobgoblin (D:1)
  A jackal (D:2)
  7 bats
  4 frilled lizards (D:2)
  5 kobolds (D:1)
  4 rats (D:1)
39 creatures vanquished.

Table legend:
 A = Turns spent in this place as a percentage of turns spent in the entire game.
 B = Non-inter-level travel turns spent in this place as a percentage of non-inter-level travel turns spent in the entire game.
 C = Inter-level travel turns spent in this place as a percentage of turns spent in this place.
 D = Turns resting spent in this place as a percentage of non-inter-level travel turns spent in this place.
 E = Turns spent auto-exploring this place as a percentage of non-inter-level travel turns spent in this place.
 F = Non-inter-level travel turns spent in this place divided by the number of levels of this place that you've seen.
                   A       B       C       D       E      F
               +-------+-------+-------+-------+-------+----------------------
         Total | 100.0 | 100.0 |   1.5 |  39.6 |  43.1 | 879.5
       Dungeon | 100.0 | 100.0 |   1.5 |  39.6 |  43.1 | 879.5
               +-------+-------+-------+-------+-------+----------------------
